 Dungeon Crawl Stone Soup version 0.30-a0-1075-gcd70e7a56d (webtiles) character file.

Game seed: 11749392101813083539

62 freelancePsychic the Firebug (level 3, -3/27 HPs)
             Began as a Demonspawn Fire Elementalist on Apr 14, 2023.
             Slain by an iguana (8 damage)
             ... on level 4 of the Dungeon.
             The game lasted 00:02:47 (2258 turns).

freelancePsychic the Firebug (DsFE)                 Turns: 2258, Time: 00:02:47

Health: -3/27      AC:  4    Str:  8    XL:     3   Next: 85%
Magic:  5/7        EV: 12    Int: 18    God:
Gold:   73         SH:  0    Dex: 13    Spells: 5/8 levels left

rFire   . . .      SeeInvis .    g - +3 whip
rCold   . . .      Faith    .    (no shield)
rNeg    + . .      Spirit   .    u - +0 leather armour
rPois   .          Reflect  .    (no helmet)
rElec   .          Rampage  .    h - +0 cloak
rCorr   .                        (no gloves)
Will    .....                    (no boots)
Stlth   ++                       (no amulet)
HPRegen 0.24/turn                f - ring of positive energy
MPRegen 0.10/turn                (no ring)

@: very slightly contaminated
A: sturdy frame 1, demonic magic 1
a: no special abilities


You were on level 4 of the Dungeon.
You visited 1 branch of the dungeon, and saw 5 of its levels.

You collected 73 gold pieces.

Inventory:

Hand Weapons
 g - a +3 whip (weapon)
Missiles
 c - a throwing net
Armour
 a - a +0 robe
 h - a +0 cloak (worn)
 u - a +0 leather armour (worn)
Jewellery
 f - a ring of positive energy (left hand)
Scrolls
 d - a scroll of magic mapping {unknown}
 e - a scroll of fear {unknown}
 k - 3 scrolls of identify {unknown}
 l - a scroll of vulnerability {unknown}
 m - a scroll of poison {unknown}
 r - a scroll of fog {unknown}
 t - a scroll of silence {unknown}
Potions
 i - 2 potions of lignification {unknown}
 j - 3 potions of attraction {unknown}
 n - a potion of flight {unknown}
 o - a potion of cancellation {unknown}
 p - a potion of heal wounds {unknown}
 q - a potion of brilliance {unknown}
 s - a potion of curing {unknown}


   Skills:
 + Level 1.7 Fighting
 - Level 1.7 Dodging
 - Level 1.7 Stealth
 - Level 3.0 Spellcasting
 - Level 1.0 Conjurations
 + Level 3.2 Fire Magic


You had 5 spell levels left.
You knew the following spells:

 Your Spells              Type           Power      Damage    Failure   Level
a - Foxfire               Conj/Fire      40%        2x1d6     8%          1
b - Scorch                Fire           28%        2d6       7%          2

Your spell library contained the following spells:

 Spells                   Type           Power      Damage    Failure   Level
 Blink                    Tloc           4%         N/A       26%         2
 Inner Flame              Hex/Fire       8%         N/A       26%         3
 Volatile Blastmotes      Fire/Tloc      16%        2d11      26%         3
 Flame Wave               Conj/Fire      10%        2d6       58%         4
 Animate Dead             Necr           2%         N/A       86%         4
 Manifold Assault         Tloc           2%         N/A       86%         4
 Borgnjor's Vile Clutch   Necr/Erth      1%         N/A       99%         5
 Death Channel            Necr           1%         N/A       100%        6
 Storm Form               Tmut/Air       1%         N/A       100%        7


Dungeon Overview and Level Annotations

Branches:
Dungeon (5/15)
 Temple: D:4-7

Altars:

Annotations:
D:2 Terence


Innate Abilities, Weirdness & Mutations

Your movements are slightly less encumbered by armour. (ER -2)
Spells you cast may paralyse adjacent enemies.


Message History

The iguana is lightly wounded.
The iguana's fire resistance burns away.
Malevolent energies surge around you. The iguana barely misses you.
Casting: Scorch (safe; 7% risk of failure)
Confirm with . or Enter, or press ? or * to list all spells.
You miscast Scorch.
You are very lightly contaminated with residual magic.
Nothing appears to happen.
The iguana closely misses you.
Casting: Scorch (safe; 7% risk of failure)
Confirm with . or Enter, or press ? or * to list all spells.
Flames lash the iguana.
The iguana is burned terribly!
The iguana is heavily wounded.
Malevolent energies surge around you.
The iguana suddenly stops moving!
The helpless iguana fails to defend itself.
You hit the iguana.
The iguana is severely wounded.
The iguana is no longer paralysed.
The iguana misses you.
You hit the iguana.
The iguana is almost dead.
The iguana bites you!
You are too injured to fight recklessly!
Casting: Scorch (safe; 7% risk of failure)
Confirm with . or Enter, or press ? or * to list all spells.
You don't have enough magic to cast this spell.
You hit the iguana but do no damage.
The iguana is almost dead.
The iguana bites you!
* * * LOW HITPOINT WARNING * * *
Okay, then.
Magic courses through your body.
The iguana is no longer more vulnerable to fire.
The iguana barely misses you.
Casting: Scorch (safe; 7% risk of failure)
Confirm with . or Enter, or press ? or * to list all spells.
Flames lash the iguana.
The iguana is almost dead.
The iguana's fire resistance burns away.
Malevolent energies surge around you.
The orc suddenly stops moving!
The iguana bites you!
You die...

.... #..#
.
#..####.#
#.......#
##..>...
#.$...#
##.lo..#
#..@...###
#........#
#........#
#.##.....#
#># .....#
#........#
######.###
.# .


You could see an iguana (combustible) and an orc (paralysed).

Vanquished Creatures
  2 adders (D:2)
  A worm (D:3)
  2 dart slugs (D:1)
  2 orcs
  An endoplasm (D:2)
  A goblin (D:1)
  7 hobgoblins
  4 jackals
  4 kobolds
  3 ball pythons
  A bat (D:2)
  2 frilled lizards (D:1)
  5 rats
35 creatures vanquished.

Vanquished Creatures (others)
  47 foxfires
47 creatures vanquished.

Grand Total: 82 creatures vanquished

Notes
Turn   | Place    | Note
-------+----------+-------------------------------------------
     0 | D:1      | freelancePsychic the Demonspawn Fire Elementalist began the
                  | quest for the Orb.
     0 | D:1      | Reached XP level 1. HP: 13/13 MP: 3/3
   299 | D:1      | Gained mutation: Your movements are slightly less
                  | encumbered by armour. (ER -2) [demonic ancestry]
   299 | D:1      | Reached XP level 2. HP: 9/20 MP: 1/5
   676 | D:1      | Learned a level 2 spell: Scorch
  1168 | D:2      | Reached skill level 1 in Fighting
  1325 | D:2      | Gained mutation: Spells you cast may paralyse adjacent
                  | enemies. [demonic ancestry]
  1325 | D:2      | Reached XP level 3. HP: 26/26 MP: 1/7
  1775 | D:2      | Noticed Terence
  2207 | D:3      | You fall into a shaft and drop 2 floors!
  2207 | D:5      | Entered Level 5 of the Dungeon
  2258 | D:4      | Slain by an iguana

Illustrated notes

Levels and vault maps discovered:
D:1:      evilmike_arrival_fibonacci_small, layout_basic, minmay_unequal
D:2:      layout_loops_corners, nicolae_wormholes, uniq_terence, uniq_natasha
D:3:      layout_rooms
D:4:      layout_loops_cross, makhleb_blood_cavern_becter,
          ebering_ghost_sewer_d, feat_on_display
D:5:      layout_rooms, chequers_temple_overflow_minitemple, serial_shops, shop

Skill      XL: |  1  2  3 |
---------------+----------+-----
Fighting       | 1 |  1.7
Fire Magic     | 3 |  3.2
Spellcasting   | 3 |  3.0
Dodging        | |  1.7
Stealth        | |  1.7
Conjurations   | |  1.0

Action                     || total
---------------------------++-------
  Melee: Unarmed           ||    13
         Whip              ||    39
         Punch             ||     1
   Cast: Foxfire           ||    25
         Scorch            ||    15
    Use: Potion            ||     1
   Stab: Sleeping          ||     1
         Paralysed         ||     6
 Armour: Robe              ||     8
  Dodge: Dodged            ||    35

Table legend: (Time is in decaauts)
 A = Elapsed time spent in this place.
 B = Non-inter-level travel time spent in this place.
 C = Inter-level travel time spent in this place.
 D = Time resting spent in this place.
 E = Time spent auto-exploring this place.
 F = Levels seen in this place.
 G = Mean time per level.
                   A        B        C        D        E       F      G
               +--------+--------+--------+--------+--------+-----+--------+
         Total |   2259 |   2232 |     27 |      0 |   1906 |   5 |  451.8 |
       Dungeon |   2259 |   2232 |     27 |      0 |   1906 |   5 |  451.8 |
               +--------+--------+--------+--------+--------+-----+--------+

Top non-repeatable levels by time:
     D:1: 1007 daAuts
     D:2: 811 daAuts
     D:3: 389 daAuts
     D:4: 33 daAuts
     D:5: 17 daAuts
